 Dungeon Crawl Stone Soup version 0.28-a0-514-g0d7ab7f379 (webtiles) character file.

Game seed: 12054736261685428311

11 wakim the Twirler (level 2, 0/23 HPs)
             Began as a Palentonga Gladiator on Sept 22, 2021.
             Slain by a quokka (2 damage)
             ... on level 1 of the Dungeon.
             The game lasted 00:00:37 (135 turns).

wakim the Twirler (Palentonga Gladiator)             Turns: 135, Time: 00:00:38

Health: 0/23       AC:  5    Str: 17    XL:     2   Next: 13%
Magic:  2/2        EV:  9    Int:  8    God:
Gold:   0          SH:  0    Dex: 11    Spells: 1/1 levels left

rFire   . . .      SeeInvis +   a - +0 quarterstaff
rCold   . . .      Faith    .   (shield currently unavailable)
rNeg    . . .      Spirit   .   b - +0 leather armour
rPois   .          Reflect  .   c - +0 helmet
rElec   .          Harm     .   (no cloak)
rCorr   .          Rampage  .   (no gloves)
Will    .....                   (no barding)
Stlth   +.........              (no amulet)
HPRegen 0.07/turn               (no ring)
MPRegen 0.08/turn               (no ring)

@: no status effects
A: large, rugged brown scales 3, see invisible, deformed body, roll 1, armoured
tail
a: Rolling Charge


You were on level 1 of the Dungeon.
You visited 1 branch of the dungeon, and saw 1 of its levels.

Inventory:

Hand Weapons
 a - a +0 quarterstaff (weapon)
Missiles
 d - 3 throwing nets {=f!f}
Armour
 b - a +0 leather armour (worn)
 c - a +0 helmet (worn)
Scrolls
 f - a scroll of identify {unknown}
Potions
 e - a potion of ambrosia {unknown}


   Skills:
 + Level 2.2 Fighting
 * Level 3.4 Staves
 - Level 1.3 Throwing
 - Level 2.4 Dodging


You had one spell level left.
You didn't know any spells.
Your spell library contained the following spells:

 Spells                   Type           Power      Damage    Failure   Level
 Slow                     Hex            0%         N/A       63%         2
 Confusing Touch          Hex            0%         N/A       85%         3
 Vampiric Draining        Necr           0%         2d6       85%         3


Dungeon Overview and Level Annotations

Branches:
Dungeon (1/15)

Altars:


Innate Abilities, Weirdness & Mutations

You are completely covered in rugged brown scales. (AC +3, +7% HP)
You have supernaturally acute eyesight. (SInv)
Armour fits poorly on your strangely shaped body.
You can roll at nearby foes to attack.
You have a long armoured tail.


Message History

The bat hits you but does no damage. The bat closely misses you.
The giant cockroach bites you but does no damage.
The bat hits you.
* * * LOW HITPOINT WARNING * * *
You open the door. The bat hits you but does no damage.
The giant cockroach barely misses you. The bat hits you.
* * * LOW HITPOINT WARNING * * *
The bat completely misses you.
There is an open door here.
You barely miss the bat. The bat closely misses you.
Unknown command.
You closely miss the bat.
Your tail-slap misses the bat.
The bat closely misses you.
You sock the kobold!
You kill the kobold!
The bat hits you but does no damage.
You barely miss the bat. The bat hits you but does no damage.
The quokka barely misses you.
You hit the quokka.
The quokka is severely wounded.
The quokka barely misses you.
You thump the quokka!
You kill the quokka!
The bat barely misses you.
You have reached level 2!
You closely miss the bat. You tail-slap the bat.
You kill the bat!
The giant cockroach waves its antennae.
The giant cockroach bites you but does no damage.
You sock the giant cockroach!
You kill the giant cockroach!
The quokka bites you.
* * * LOW HITPOINT WARNING * * *
You closely miss the quokka.
The quokka bites you but does no damage.
You barely miss the quokka. The quokka bites you.
* * * LOW HITPOINT WARNING * * *
The quokka bites you.
You die...

#...........##.#
#####
#...........##.#
#.....<.....##.#
#...........##.#
#...........##.#
#...........##.#
#...........##.#
#...........##.#
######@#######.#
######r#######.#
.......Bg....##.#
###.####.....##.##..
#..##..w.........
....##....#.###....
..... ###....# ##
#....# #$†....#
#.... ####...#


You could see a quokka, a giant cockroach and a goblin.

Vanquished Creatures
  A bat (D:1)
  An endoplasm (D:1)
  3 giant cockroaches (D:1)
  2 kobolds (D:1)
  A quokka (D:1)
8 creatures vanquished.

Notes
Turn   | Place    | Note
-------+----------+-------------------------------------------
     0 | D:1      | wakim the Palentonga Gladiator began the quest for the Orb.
     0 | D:1      | Reached XP level 1. HP: 17/17 MP: 1/1
   132 | D:1      | Reached XP level 2. HP: 9/23 MP: 2/2
   135 | D:1      | Slain by a quokka

Illustrated notes

Levels and vault maps discovered:
D:1:      psy_arrival_statuary, layout_basic, ebering_ecumenical_altar_mist,
          minmay_worlds_worst_comb

Action                   || total
-------------------------++-------
Melee: Quarterstaff      ||    22
       Tailslap          ||     1
 Abil: Rolling Charge    ||     4
Armor: Leather armour    ||    19
Dodge: Dodged            ||    18

Table legend: (Time is in decaauts)
 A = Elapsed time spent in this place.
 B = Non-inter-level travel time spent in this place.
 C = Inter-level travel time spent in this place.
 D = Time resting spent in this place.
 E = Time spent auto-exploring this place.
 F = Levels seen in this place.
 G = Mean time per level.
                   A        B        C        D        E       F      G
               +--------+--------+--------+--------+--------+-----+--------+
         Total |    137 |    137 |      0 |      0 |     99 |   1 |  137.0 |
       Dungeon |    137 |    137 |      0 |      0 |     99 |   1 |  137.0 |
               +--------+--------+--------+--------+--------+-----+--------+

Top non-repeatable levels by time:
     D:1: 137 daAuts
